 Dungeon Crawl Stone Soup version 0.31.0-2-g5a2aebc5c2 (webtiles) character file.

Game seed: 17014569889804301006

156 ragingrage the Apothecary (level 5, -2/24 HPs)
             Began as a Spriggan Alchemist on Jan 21, 2024.
             Killed by divine providence
             ... invoked by an orc priest
              (15 damage)
             ... on level 4 of the Dungeon.
             The game lasted 00:06:27 (4515 turns).

ragingrage the Apothecary (Spriggan Alchemist)      Turns: 4515, Time: 00:06:28

Health: -2/24      AC:  2    Str:  4    XL:     5   Next: 14%
Magic:  6/11       EV: 18    Int: 17    God:
Gold:   179        SH:  0    Dex: 17    Spells: 1/11 levels left

rFire   . . .        d - +0 short sword
rCold   . . .        (no shield)
rNeg    . . .        a - +0 robe
rPois   .            (helmet restricted)
rElec   .            (no cloak)
rCorr   .            (gloves unavailable)
SInv    +            (boots unavailable)
Will    .....        (no amulet)
Stlth   ++           (no ring)
HPRegen 0.24/turn    (no ring)
MPRegen 0.12/turn

%: no passive effects
@: very quick
A: very small, no large weapons, unfitting armour, see invisible, speed 3
a: no special abilities


You were on level 4 of the Dungeon.
You visited 1 branch of the dungeon, and saw 4 of its levels.

You collected 179 gold pieces.

Inventory:

Hand Weapons
 d - a +0 short sword (weapon)
 e - a +2 whip of draining
 g - a +0 dagger of flaming
Armour
 a - a +0 robe (worn)
Wands
 p - a wand of polymorph (12)
Scrolls
 c - 2 scrolls of identify {unknown}
 f - a scroll of teleportation {unknown}
 i - 4 scrolls of blinking {unknown}
 k - 2 scrolls of immolation {unknown}
 l - a scroll of acquirement {unknown}
 m - 2 scrolls of enchant weapon {unknown}
 o - a scroll of fog {unknown}
 q - a scroll of silence {unknown}
Potions
 b - a potion of magic
 h - a potion of lignification {unknown}
 j - a potion of haste {unknown}
 n - a potion of might {unknown}
 r - a potion of curing {unknown}
 s - a potion of berserk rage {unknown}


   Skills:
 + Level 0.2 Fighting
 + Level 3.5 Dodging
 - Level 3.0 Stealth
 + Level 3.7 Spellcasting
 + Level 0.6 Conjurations
 - Level 2.0 Air Magic
 + Level 4.9 Alchemy


You had one spell level left.
You knew the following spells:

 Your Spells              Type           Power      Damage    Failure   Level
a - Sting                 Conj/Alch      48%        1d6       5%          1
b - Mercury Vapours       Alch/Air       28%        N/A       6%          2
c - Mephitic Cloud        Conj/Alch/Air  11%        N/A       17%         3
d - Olgreb's Toxic Radia  Alch           19%        N/A       22%         4

Your spell library contained the following spells:

 Spells                   Type           Power      Damage    Failure   Level
 Volatile Blastmotes      Fire/Tloc      6%         2d10      43%         3
 Fulminant Prism          Conj/Alch      6%         3d7       45%         4
 Sticky Flame             Fire/Alch      11%        2d5       52%         4
 Iskenderun's Mystic Bla  Conj/Tloc      4%         2d3       82%         4


Dungeon Overview and Level Annotations

Branches:
Dungeon (4/15)
 Temple: D:4-7

Altars:
Okawaru
Qazlal
Uskayaw
Wu Jian
The Shining One

Shops:
D:3 *

Annotations:
D:3 Grinder, Ijyb


Innate Abilities, Weirdness & Mutations

You are very small and have problems with some larger weapons.
You are too small for most types of armour.
You have supernaturally acute eyesight. (SInv)
You cover ground extremely quickly. (Speed+++)


Message History

Unknown command.
The orc priest shouts! x2; You hear a shout!
Casting: Sting (safe; 5% risk of failure)
Confirm with . or Enter, or press ? or * to list all spells.
Aiming: Mephitic Cloud (extremely dangerous; 17% risk of failure)
Press: ? - help, Shift-Dir - straight line
Okay, then.
Casting: Mephitic Cloud (extremely dangerous; 17% risk of failure)
Confirm with . or Enter, or press ? or * to list all spells.
Aiming: Mephitic Cloud (extremely dangerous; 17% risk of failure)
Press: ? - help, Shift-Dir - straight line The ball explodes into a vile cloud!
The stinking cloud engulfs the orc priest.
An orc comes into view. It is wielding a +0 dagger.
Aiming: Sting (safe; 5% risk of failure)
Press: ? - help, Q - select action, (/) - cycle Shift-Dir - straight line, f - orc priest
Aim: an orc priest, wielding a +0 flail and wearing a +0 leather armour (noxious fumes, 71% to hit)
The sting misses the orc priest.
The orc shouts!
You hear a shout!
The orc priest is engulfed in noxious fumes.
The orc priest appears confused.
Aiming: Sting (safe; 5% risk of failure)
Press: ? - help, Q - select action, (/) - cycle Shift-Dir - straight line, f/p - orc priest
Aim: an orc priest, wielding a +0 flail and wearing a +0 leather armour (confused, 90% to hit)
The sting misses the orc priest.
The orc priest invokes the aid of Beogh against you.
Pain shoots through your body!
Casting: Sting (safe; 5% risk of failure)
Confirm with . or Enter, or press ? or * to list all spells.
Aiming: Mephitic Cloud (extremely dangerous; 17% risk of failure)
Press: ? - help, Shift-Dir - straight line, f/p - orc priest
Aim: an orc priest, wielding a +0 flail and wearing a +0 leather armour (confused, chance to affect: 86%)
Okay, then.
The orc priest hits the orc priest with a +0 flail.
The orc priest hits itself but does no damage.
The orc priest calls down the wrath of Beogh upon you.
Beogh smites you!
Ouch! That really hurt!
You die...

#....# #.....# #.#########
#....# ##.....###.#
#....###......'...#
#....##.......#####
#....##...#####
#######....##...##
...........###)..#
######.....# #...#####
##(((##....# #).@'...#
#(#(#.#....# #...###.#
.((#..#....###...# #.#
#.#.#.#..)..##...###'#####
##...##.....'....+>......#
######......##...#.......#
............##.o.#.......#
##.............○o○.....<.#
...............○.°.......#


You could see 2 orc priests.

Vanquished Creatures
  A sleepcap (D:4)
  3 gnolls
  3 adders
  A dart slug (D:1)
  3 orcs
  8 endoplasms
  3 giant cockroaches
  3 hobgoblins (D:1)
  3 jackals (D:1)
  6 kobolds
  6 quokkas
  5 ball pythons
  5 bats
  5 frilled lizards
  6 goblins
  3 rats
64 creatures vanquished.

Notes
Turn   | Place    | Note
-------+----------+-------------------------------------------
     0 | D:1      | ragingrage the Spriggan Alchemist began the quest for the
                  | Orb.
     0 | D:1      | Reached XP level 1. HP: 9/9 MP: 5/5
   314 | D:1      | Reached skill level 4 in Alchemy
   314 | D:1      | Reached XP level 2. HP: 13/13 MP: 2/6
   317 | D:1      | Learned a level 2 spell: Mercury Vapours
   431 | D:1      | Found a faded altar of an unknown god.
   936 | D:1      | Reached skill level 1 in Air Magic
   936 | D:1      | Reached XP level 3. HP: 16/16 MP: 6/8
  1872 | D:2      | Learned a level 3 spell: Mephitic Cloud
  2153 | D:3      | Found Hooraeph's Assorted Antiques.
  2202 | D:3      | Reached XP level 4. HP: 15/21 MP: 2/9
  2364 | D:3      | Found a glowing golden altar of the Shining One.
  2421 | D:3      | Found a stormy altar of Qazlal.
  2494 | D:3      | Noticed Ijyb
  3091 | D:3      | You fall into a shaft and drop 1 floor!
  3403 | D:3      | Noticed Grinder
  4037 | D:4      | Noticed a +0 short sword
  4037 | D:4      | Noticed a +0 short sword
  4037 | D:4      | Noticed a +0 spear
  4038 | D:4      | Noticed a +0 dagger
  4078 | D:4      | Noticed a +0 falchion
  4079 | D:4      | Noticed a +0 dagger
  4080 | D:4      | Noticed a +0 spear
  4081 | D:4      | Noticed a +0 falchion
  4088 | D:4      | Found a hide-covered altar of Uskayaw.
  4146 | D:4      | Noticed a scorpion
  4172 | D:4      | Reached XP level 5. HP: 24/24 MP: 2/11
  4281 | D:4      | Found an iron altar of Okawaru.
  4306 | D:4      | Found an ornate altar of the Wu Jian Council.
  4307 | D:4      | Noticed a phantom
  4499 | D:4      | Learned a level 4 spell: Olgreb's Toxic Radiance
  4515 | D:4      | Killed from afar by an orc priest

Illustrated notes

Levels and vault maps discovered:
D:1:      erik_arrival_triangle_medium, layout_basic,
          chequers_ecumenical_altar_twisty
D:2:      layout_basic, minmay_fountain_box, nicolae_the_louvre
D:3:      layout_basic, mainiacjoe_overflow_catwalk_spiral, serial_shops, shop,
          st_stairs_9, serial_bayou_pond_e, nrook_campfire, kennysheep_boxes,
          uniq_grinder, uniq_ijyb
D:4:      layout_basic, nicolae_uskayaw_en_pointe,
          nicolae_overflow_hallway_of_the_gods, corexii_hall_statues_i

Skill      XL: |  1  2  3  4  5 |
---------------+----------------+-----
Alchemy        | 4 |  4.9
Air Magic      | 1 2 |  2.0
Spellcasting   | 3 |  3.7
Dodging        | 3 |  3.5
Fighting       | |  0.2
Stealth        | |  3.0
Conjurations   | |  0.6

Action                     |  1- 3 |  4- 6 || total
---------------------------+-------+-------++-------
  Melee: Short sword       |       |     1 ||     1
   Cast: Sting             |    87 |    70 ||   157
         Mephitic Cloud    |       |     3 ||     3
         Mercury Vapours   |       |     1 ||     1
    Use: Potion            |     1 |       ||     1
 Armour: Robe              |     3 |     5 ||     8
  Dodge: Dodged            |    18 |     7 ||    25
